Map: Ujari

Players

Metasapien

  • Race: Zerg Zerg
  • League: Platinum
  • Spawn Location: 9:00

DrSpooky

  • Race: Protoss Protoss
  • League: Gold
  • Spawn Location: 9:00

Polderong

  • Race: Terran Terran
  • Spawn Location: 0:00

Bledfordays - Winner!

  • Race: Protoss Protoss
  • Spawn Location: 3:00

anslod - Winner!

  • Race: Terran Terran
  • Spawn Location: 0:00

AffIuent - Winner!

  • Race: Protoss Protoss
  • Spawn Location: 3:00

VOD

Have the link to the VOD?

Description

Time

  • Played on: Sept. 17, 2017, 4:05 p.m.
  • Length: 13:57
Show
View Real Time Build Order
Export as new Build Order

Metasapien Zerg 

Build Orders: Pool First 

Get SALT Encoding   

  12  0:02  Drone  
  13  0:25  Spawning Pool  
  13  0:27  Drone  
  13  0:33  Drone  
  14  0:40  Overlord  
  14  0:47  Drone, Extractor  
  14  0:59  Drone x2  
  16  1:27  Drone  
  16  1:29  Drone  
  16  1:31  Hatchery  
  17  1:33  Drone  
  18  1:49  Metabolic Boost  
  18  1:52  Drone  
  20  1:54  Zergling x2  
  20  2:13  Zergling x2  
  21  2:23  Hatchery  
  21  2:24  Drone  
  21  2:26  Zergling x2  
  22  2:40  Overlord  
  22  2:41  Extractor  
  22  2:44  Drone  
  22  2:48  Queen  
  24  2:56  Drone  
  25  3:04  Drone  
  26  3:07  Queen  
  28  3:15  Zergling x4  
  30  3:20  Overlord  
  30  3:32  Drone  
  30  3:33  Drone x2  
  30  3:34  Drone  
  34  3:38  Drone  
  35  3:46  Queen  
  37  3:48  Drone  
  38  3:56  Lair  
  38  4:09  Roach Warren  
  37  4:11  Drone x2  
  37  4:12  Drone  
  37  4:15  Drone  
  37  4:16  Drone  
  42  4:28  Drone  
  42  4:29  Drone x3  
  46  4:32  Zergling x6  
  49  4:42  Drone  
  50  4:49  Overlord x3  
  50  5:09  Evolution Chamber  
  43  5:17  Zergling x14  
  43  5:18  Zergling x16  
  55  5:48  Hatchery  
  53  5:51  Infestation Pit  
  45  5:58  Drone x4  
  45  5:59  Drone  
  45  6:01  Roach x3  
  51  6:18  Queen  
  55  6:28  Extractor  
  55  6:30  Extractor  
  51  6:33  Hive  
  51  6:36  Glial Reconstitution  
  44  6:58  Zergling x12  
  44  6:59  Zergling x10  
  55  7:06  Roach  
  55  7:07  Roach  
  49  7:22  Drone  
  50  7:23  Drone  
  50  7:24  Drone x2  
  50  7:25  Drone x4  
  56  7:44  Queen  
  58  7:51  Drone  
  58  7:52  Drone x2  
  58  7:53  Drone x3  
  58  7:55  Queen  
  66  8:00  Adrenal Glands  
  66  8:05  Ultralisk Cavern  
  65  8:06  Queen  
  65  8:08  Drone x6  
  73  8:18  Overlord x2  
  73  8:19  Overlord x2  
  73  8:22  Overseer  
  73  8:23  Overseer  
  73  8:38  Hatchery  
  74  8:41  Roach x3  
  74  8:42  Roach x4  
  86  8:51  Overlord x2  
  86  8:58  Hydralisk Den  
  86  9:00  Extractor  
  86  9:02  Extractor  
  83  9:07  Drone x2  
  85  9:13  Drone x4  
  85  9:14  Drone x2  
  85  9:15  Drone, Extractor  
  91  9:18  Ultralisk  
  91  9:20  Zergling x6  
  100  9:34  Hydralisk x5  
  100  9:37  Overlord  
  94  9:54  Roach  
  94  9:55  Hydralisk x3, Roach x5  
  97  10:21  Drone x2  
  99  10:33  Hydralisk  
  99  10:34  Roach x3, Hydralisk x3  
  99  10:35  Roach x3  
  119  10:37  Zergling x2  
  119  10:38  Overlord x3  
  118  10:52  Drone  
  118  10:53  Overlord x2  
  109  11:02  Hydralisk x2  
  109  11:03  Roach x3, Hydralisk x2  
  109  11:04  Roach  
  109  11:07  Ultralisk x2  
  106  11:22  Ravager  
  106  11:23  Zergling x2, Roach  
  106  11:24  Zergling x12  
  106  11:25  Zergling x10  
  121  11:34  Ravager  
  107  11:50  Zergling x8  
  107  11:51  Roach x2, Hydralisk x3  
  107  11:52  Roach  
  92  12:12  Overseer, Roach x4  
  87  12:23  Infestor  
  75  12:33  Hydralisk x3  
  75  12:34  Roach x4  
  67  12:49  Hydralisk x3  
  67  12:50  Roach x2  
  67  13:06  Hydralisk x3  
  67  13:07  Roach x2  
  67  13:12  Drone  
  78  13:16  Queen x2, Hatchery  
  78  13:18  Queen  
  83  13:24  Drone  
  83  13:25  Drone  
  65  13:39  Spine Crawler  
  65  13:40  Spore Crawler x2, Spine Crawler  
  57  13:41  Spine Crawler  
  57  13:42  Spine Crawler  
  57  13:44  Drone x2  
Show
View Real Time Build Order
Export as new Build Order

DrSpooky Protoss 

Build Orders: Oracle Opening 

Get SALT Encoding   

  12  0:02  Probe (Chrono Boost)  
  13  0:12  Probe (Chrono Boost)  
  14  0:20  Pylon  
  14  0:23  Probe (Chrono Boost)  
  15  0:38  Probe (Chrono Boost)  
  15  0:42  Gateway  
  16  0:48  Probe (Chrono Boost)  
  17  0:53  Assimilator  
  17  0:59  Probe (Chrono Boost)  
  18  1:09  Probe (Chrono Boost)  
  19  1:13  Forge  
  19  1:20  Probe (Chrono Boost), Assimilator  
  20  1:31  Probe (Chrono Boost)  
  21  1:34  Cybernetics Core  
  21  1:37  Pylon  
  21  1:47  Probe (Chrono Boost)  
  22  2:00  Probe (Chrono Boost)  
  23  2:11  Mothership Core (Chrono Boost)  
  25  2:31  Stargate  
  25  2:32  Nexus  
  26  2:37  Probe (Chrono Boost)  
  26  2:47  Probe (Chrono Boost), Pylon  
  27  2:58  Probe (Chrono Boost)  
  28  3:06  Protoss Air Armor Level 1  
  28  3:08  Probe (Chrono Boost)  
  29  3:19  Probe (Chrono Boost)  
  30  3:21  Oracle  
  33  3:29  Probe (Chrono Boost)  
  34  3:45  Probe (Chrono Boost)  
  35  3:49  Probe (Chrono Boost)  
  35  3:54  Pylon  
  35  3:55  Pylon  
  36  3:56  Probe (Chrono Boost)  
  36  3:59  Pylon  
  37  4:12  Void Ray  
  37  4:15  Probe x2 (Chrono Boost)  
  43  4:18  Assimilator  
  43  4:22  Assimilator  
  43  4:24  Photon Cannon  
  43  4:28  Photon Cannon  
  43  4:40  Probe x2 (Chrono Boost)  
  45  4:50  Probe x2 (Chrono Boost)  
  47  5:00  Protoss Air Weapons Level 1  
  47  5:01  Probe x2 (Chrono Boost)  
  47  5:03  Nexus  
  49  5:11  Probe (Chrono Boost)  
  49  5:35  Void Ray  
  37  5:53  Zealot  
  39  6:17  Void Ray  
  43  6:22  Probe (Chrono Boost)  
  43  6:23  Probe x2 (Chrono Boost)  
  47  6:32  Probe (Chrono Boost)  
  47  6:35  Stargate  
  47  6:36  Pylon  
  47  6:37  Pylon  
  47  6:40  Probe x2 (Chrono Boost)  
  47  6:43  Probe (Chrono Boost)  
  47  6:45  Pylon  
  50  6:49  Pylon  
  50  6:50  Pylon  
  50  6:51  Probe x2 (Chrono Boost)  
  50  6:54  Probe (Chrono Boost)  
  54  7:01  Probe x2 (Chrono Boost)  
  54  7:04  Probe (Chrono Boost)  
  56  7:23  Oracle x2  
  62  7:36  Fleet Beacon  
  62  7:38  Pylon  
  62  7:40  Pylon  
  62  7:43  Pylon  
  62  7:44  Pylon  
  62  7:48  Assimilator  
  62  7:49  Probe (Chrono Boost)  
  62  7:50  Probe (Chrono Boost)  
  64  7:52  Assimilator  
  64  7:55  Probe (Chrono Boost)  
  65  7:59  Probe (Chrono Boost)  
  65  8:01  Probe (Chrono Boost)  
  68  8:05  Probe (Chrono Boost)  
  68  8:10  Probe (Chrono Boost)  
  68  8:11  Probe (Chrono Boost)  
  70  8:19  Void Ray  
  70  8:21  Carrier  
  70  8:23  Graviton Catapult  
  86  8:45  Zealot  
  88  8:52  Probe (Chrono Boost)  
  88  8:53  Probe x2 (Chrono Boost)  
  91  9:05  Probe (Chrono Boost)  
  91  9:06  Probe x2 (Chrono Boost)  
  94  9:11  Photon Cannon  
  94  9:16  Probe (Chrono Boost)  
  88  9:24  Stargate  
  85  9:32  Robotics Facility  
  50  10:53  Pylon  
  43  11:03  Pylon  
  43  11:04  Pylon  
  43  11:13  Pylon  
  43  11:22  Pylon  
  43  11:25  Pylon  
  43  11:29  Pylon  
  43  11:31  Pylon  
  41  11:41  Gateway  
  41  11:42  Gateway  
  41  11:46  Gateway  
  29  12:20  Forge  
  29  12:29  Pylon  
  29  12:32  Pylon  
  29  12:48  Cybernetics Core  
  29  13:01  Zealot  
  31  13:08  Probe (Chrono Boost)  
  32  13:15  Pylon  
  32  13:19  Probe (Chrono Boost)  
  33  13:20  Pylon  
  33  13:29  Probe (Chrono Boost), Zealot  
  36  13:38  Stargate  
  40  13:42  Stargate  
Show
View Real Time Build Order
Export as new Build Order

Polderong Terran 

Build Orders:  

Get SALT Encoding   

  12  0:01  SCV  
  13  0:14  SCV  
  14  0:20  Supply Depot  
  14  0:26  SCV  
  15  0:42  Barracks, SCV  
  16  0:54  SCV  
  17  1:02  Refinery  
  17  1:06  SCV  
  17  1:09  Barracks  
  18  1:18  SCV  
  19  1:30  Orbital Command  
  19  1:31  Marine  
  20  1:37  Refinery  
  20  1:43  Supply Depot  
  20  1:49  Marine  
  21  1:58  Engineering Bay, Marine  
  21  2:01  SCV  
  23  2:07  Marine  
  24  2:16  Marine  
  25  2:28  Missile Turret, SCV  
  26  2:35  Factory  
  26  2:40  SCV  
  26  2:41  Supply Depot  
  26  2:42  Marine  
  28  2:50  Barracks Reactor  
  28  2:53  SCV  
  28  2:57  Hi-Sec Auto Tracking  
  29  3:09  SCV  
  29  3:10  Factory  
  30  3:16  Barracks Tech Lab  
  30  3:20  Factory Tech Lab  
  30  3:21  SCV  
  30  3:26  Marine x2  
  33  3:34  Combat Shields  
  33  3:40  Marauder  
  35  3:42  Widow Mine  
  37  4:13  Command Center  
  37  4:16  Factory Tech Lab  
  37  4:25  Starport  
  37  4:28  Widow Mine  
  39  4:48  Missile Turret  
  39  4:53  Concussive Shells  
  39  4:58  Supply Depot  
  39  5:20  Marauder, Marine  
  42  5:25  Marine  
  42  5:26  Factory Reactor  
  43  5:35  Orbital Command  
  43  5:38  Marine  
  43  5:42  Marauder, Marine  
  46  5:47  Widow Mine  
  49  6:00  Marine x2  
  49  6:03  Marine  
  52  6:11  Widow Mine x2  
  56  6:24  Armory  
  56  6:29  SCV  
  57  6:34  SCV  
  58  6:41  SCV  
  58  6:46  SCV  
  60  6:53  SCV  
  61  7:09  Fusion Core  
  61  7:14  Supply Depot x2  
  61  7:15  Supply Depot  
  61  7:17  Supply Depot  
  61  7:20  Supply Depot  
  61  7:35  Raven, Thor, SCV x2  
  71  7:40  Supply Depot  
  71  7:43  Supply Depot  
  71  7:45  Refinery, Supply Depot  
  71  7:47  SCV x2  
  71  7:48  Refinery  
  71  7:50  Supply Depot  
  73  7:53  Supply Depot  
  73  7:55  Supply Depot  
  73  7:59  Supply Depot  
  73  8:19  Command Center  
  73  8:22  Widow Mine  
  73  8:24  Missile Turret  
  81  8:41  Battlecruiser  
  81  8:47  Weapon Refit  
  81  9:01  SCV  
  82  9:04  SCV  
  83  9:13  SCV  
  83  9:16  SCV  
  85  9:25  SCV  
  86  9:53  Battlecruiser  
  86  9:58  Orbital Command  
  77  10:04  SCV x2  
  65  10:08  Refinery  
  65  10:16  SCV x2  
  67  10:29  Starport  
  67  10:38  Armory  
  61  10:58  Battlecruiser  
  61  11:02  Marine  
  68  11:18  Starport Tech Lab  
  68  11:19  Marine  
  62  11:37  Marine  
  62  11:53  Battlecruiser  
  68  11:55  Marine  
  69  12:02  Battlecruiser  
  69  12:03  Barracks  
  69  12:06  Barracks  
  75  12:13  Marine  
  75  12:41  Marine  
Show
View Real Time Build Order
Export as new Build Order

Bledfordays Protoss - Winner!

Build Orders: Nexus First 

Get SALT Encoding   

  12  0:51  Probe (Chrono Boost), Nexus  
  13  1:00  Pylon  
  13  1:03  Probe (Chrono Boost)  
  14  1:14  Probe (Chrono Boost)  
  15  1:20  Gateway  
  15  1:23  Assimilator  
  15  1:25  Probe (Chrono Boost)  
  16  1:35  Probe (Chrono Boost)  
  16  1:39  Pylon  
  17  1:46  Probe (Chrono Boost)  
  18  2:03  Gateway  
  18  2:04  Probe (Chrono Boost), Gateway  
  19  2:12  Zealot  
  22  2:15  Probe (Chrono Boost)  
  22  2:19  Probe (Chrono Boost)  
  23  2:27  Assimilator  
  23  2:29  Probe (Chrono Boost)  
  24  2:32  Probe (Chrono Boost)  
  25  2:40  Probe (Chrono Boost)  
  25  2:43  Probe (Chrono Boost)  
  27  2:52  Probe (Chrono Boost)  
  27  2:53  Probe (Chrono Boost)  
  27  2:54  Zealot  
  31  3:02  Cybernetics Core  
  31  3:03  Probe (Chrono Boost)  
  32  3:07  Probe (Chrono Boost)  
  33  3:16  Forge  
  33  3:18  Probe (Chrono Boost)  
  35  3:20  Probe (Chrono Boost)  
  35  3:28  Zealot  
  35  3:30  Zealot  
  35  3:33  Probe (Chrono Boost)  
  40  3:34  Probe (Chrono Boost)  
  40  3:38  Warp Gate (Chrono Boost)  
  41  3:42  Zealot  
  41  3:44  Probe  
  41  3:45  Probe  
  45  3:52  Pylon  
  45  3:56  Pylon  
  45  4:10  Zealot x2  
  45  4:11  Pylon  
  45  4:14  Probe x2  
  51  4:18  Twilight Council  
  51  4:26  Probe  
  51  4:30  Probe, Photon Cannon  
  52  4:32  Photon Cannon  
  53  4:38  Probe  
  53  4:41  Probe, Assimilator  
  53  4:44  Assimilator  
  55  4:57  Probe  
  55  4:59  Probe  
  57  5:04  Dark Shrine  
  57  5:07  Robotics Facility  
  55  5:43  Probe  
  55  5:44  Probe  
  51  5:53  Stalker x3  
  51  5:55  Observer  
  58  5:57  Blink (Chrono Boost)  
  58  6:03  Pylon  
  56  6:06  Gateway  
  56  6:08  Gateway  
  54  6:11  Gateway  
  54  6:12  Robotics Bay  
  54  6:13  Gateway  
  54  6:18  Stalker x3  
  58  6:45  Probe  
  57  6:47  Probe  
  58  6:56  Probe, Pylon  
  58  6:58  Photon Cannon  
  58  6:59  Probe, Photon Cannon  
  60  7:07  Protoss Ground Weapons Level 1  
  60  7:18  Stalker  
  60  7:19  Stalker x5  
  72  7:25  Probe, Nexus  
  72  7:26  Probe  
  74  7:31  Pylon  
  74  7:37  Warp Prism  
  76  7:48  Zealot x2  
  76  7:49  Zealot  
  82  7:53  Charge (Chrono Boost)  
  82  7:55  Observer Gravitic Boosters  
  82  8:13  Stalker  
  82  8:14  Stalker x3  
  90  8:24  Assimilator  
  90  8:25  Assimilator  
  90  8:28  Pylon  
  90  8:47  Probe  
  90  8:48  Probe  
  90  8:49  Probe  
  93  9:00  Dark Templar x4  
  93  9:01  Probe, Dark Templar x2  
  106  9:36  Archon  
  106  9:37  Archon  
  104  9:42  Stalker x4  
  104  9:43  Stalker  
  104  9:44  Stalker  
  90  11:03  Probe x2, Stalker x6  
  96  11:05  Probe  
  95  11:17  Probe  
  90  11:38  Stalker x2  
  90  11:39  Stalker x4  
  86  12:12  Dark Templar x6  
  98  12:25  Observer  
  99  12:54  Observer  
  95  13:16  Observer  
  95  13:20  Stalker x4  
  95  13:21  Stalker x2  
Show
View Real Time Build Order
Export as new Build Order

anslod Terran - Winner!

Build Orders:  

Get SALT Encoding   

  12  0:03  SCV  
  13  0:15  SCV  
  14  0:27  Supply Depot  
  14  0:31  SCV  
  15  0:53  Barracks  
  15  1:00  Barracks  
  15  1:14  SCV  
  16  1:26  SCV  
  17  1:34  Refinery  
  17  1:38  SCV  
  18  1:41  Marine, Supply Depot  
  19  1:47  Marine  
  19  1:49  Refinery  
  20  1:59  Marine  
  21  2:05  Marine  
  22  2:17  Marine  
  23  2:23  Marine  
  24  2:35  Marine  
  25  2:39  Command Center  
  25  2:41  SCV, Marine  
  27  2:50  Barracks  
  27  2:53  SCV  
  28  2:59  Marine  
  28  3:00  Marine  
  30  3:09  SCV  
  31  3:35  Barracks Reactor  
  31  3:37  Barracks Reactor  
  31  3:39  Barracks Reactor  
  31  3:40  Supply Depot  
  31  3:50  SCV  
  32  4:02  Supply Depot  
  32  4:10  Factory  
  32  4:13  Marine  
  32  4:14  Marine x2  
  32  4:15  Marine  
  32  4:16  Marine x2  
  38  4:25  Supply Depot  
  38  4:49  Supply Depot  
  38  4:56  Factory  
  22  6:04  Marine  
  22  6:05  Marine x5  
  29  6:11  SCV  
  29  6:15  Factory Tech Lab  
  29  6:16  Factory Tech Lab  
  29  6:22  Marine  
  29  6:23  SCV, Marine x5  
  36  6:35  SCV  
  36  6:40  Marine  
  36  6:41  Marine x5  
  42  6:47  SCV  
  43  6:56  Armory  
  43  6:58  Marine x5  
  43  6:59  SCV, Marine  
  50  7:12  Engineering Bay  
  50  7:40  SCV  
  50  7:43  Orbital Command  
  51  7:46  Terran Vehicle Weapons Level 1  
  51  7:47  Thor x2, Engineering Bay  
  63  7:52  SCV  
  64  8:04  SCV, Marine x2  
  64  8:05  Marine x3  
  69  8:06  Marine  
  69  8:10  Terran Infantry Weapons Level 1  
  71  8:16  SCV  
  72  8:28  SCV  
  73  8:40  SCV  
  74  8:50  Supply Depot  
  74  8:52  SCV  
  75  8:57  Refinery  
  75  8:59  Refinery  
  75  9:05  Marine x2  
  77  9:16  Supply Depot  
  77  9:20  Thor  
  83  9:37  Thor  
  64  10:33  Marine  
  64  10:34  Marine x5  
  70  10:44  Supply Depot  
  68  10:51  Marine x3  
  68  10:52  Marine x3  
  65  11:09  Marine x6  
  65  11:16  Thor x2  
  77  11:21  SCV  
  78  11:27  Marine x6  
  84  11:33  SCV  
  85  11:45  SCV  
  68  11:54  Marine  
  68  11:55  Marine x3  
  68  11:57  SCV  
  68  11:59  Thor  
  79  12:09  SCV  
  79  12:12  Marine  
  79  12:13  Marine x3  
  84  12:22  SCV  
  85  12:30  Marine x4  
  85  12:34  SCV  
  90  12:46  SCV  
  90  12:48  Marine x4  
  90  12:50  Thor x2  
  107  12:53  Orbital Command  
  108  12:58  SCV  
  108  13:04  Marine  
  108  13:05  Marine  
  110  13:06  Marine x2  
  110  13:07  Marine  
  110  13:08  Marine  
  110  13:10  SCV  
Show
View Real Time Build Order
Export as new Build Order

AffIuent Protoss - Winner!

Build Orders:  

Get SALT Encoding   

  12  0:02  Probe (Chrono Boost)  
  13  0:13  Pylon  
  13  0:18  Probe (Chrono Boost)  
  14  0:29  Probe (Chrono Boost)  
  14  0:31  Assimilator  
  15  0:39  Probe (Chrono Boost)  
  16  0:49  Gateway  
  17  0:50  Probe (Chrono Boost)  
  17  1:00  Probe (Chrono Boost), Assimilator  
  18  1:10  Pylon  
  18  1:11  Probe (Chrono Boost)  
  19  1:21  Probe (Chrono Boost)  
  20  1:29  Gateway  
  21  1:37  Cybernetics Core  
  21  1:38  Probe (Chrono Boost)  
  21  1:49  Probe (Chrono Boost)  
  21  1:53  Pylon  
  22  1:59  Probe (Chrono Boost)  
  25  2:15  Mothership Core (Chrono Boost)  
  25  2:16  Warp Gate (Chrono Boost)  
  25  2:17  Stalker  
  25  2:18  Stalker  
  29  2:43  Gateway  
  29  2:47  Stalker  
  29  2:49  Sentry  
  33  2:54  Pylon  
  34  3:07  Forge  
  33  3:17  Stalker, Sentry  
  37  3:22  Probe  
  38  3:30  Stalker  
  40  3:41  Protoss Ground Weapons Level 1 (Chrono Boost)  
  40  3:53  Pylon  
  40  4:10  Gateway  
  40  4:12  Stalker  
  40  4:13  Stalker x2  
  46  4:35  Nexus  
  46  4:50  Probe  
  47  5:21  Stalker  
  47  5:22  Stalker x2  
  53  5:34  Probe  
  50  5:42  Protoss Ground Armor Level 1 (Chrono Boost)  
  48  5:46  Pylon  
  48  5:47  Probe  
  48  5:48  Probe  
  50  5:59  Probe  
  50  6:01  Twilight Council  
  51  6:08  Stalker x2  
  51  6:09  Stalker  
  51  6:10  Stalker  
  59  6:17  Probe  
  60  6:27  Probe  
  61  6:36  Pylon  
  61  6:38  Probe  
  62  6:48  Probe  
  61  7:19  Stalker  
  61  7:20  Stalker x2  
  61  7:21  Probe, Stalker  
  69  7:24  Assimilator  
  68  7:32  Probe, Protoss Shields Level 1 (Chrono Boost)  
  68  7:34  Pylon  
  69  7:39  Dark Shrine  
  69  7:41  Pylon  
  69  7:42  Probe  
  70  7:44  Sentry  
  72  7:54  Assimilator  
  72  7:56  Pylon  
  72  8:09  Gateway  
  72  8:12  Photon Cannon  
  72  8:15  Probe  
  72  8:18  Stalker  
  72  8:19  Stalker x2  
  79  8:20  Stalker  
  79  8:26  Probe  
  82  8:35  Forge  
  82  8:39  Probe  
  83  8:45  Stalker  
  83  8:46  Stalker x2  
  83  8:47  Stalker  
  91  8:53  Pylon  
  91  9:12  Protoss Ground Weapons Level 2 (Chrono Boost)  
  91  9:16  Probe  
  92  9:24  Dark Templar x2  
  92  9:26  Probe  
  92  9:28  Protoss Ground Armor Level 2 (Chrono Boost)  
  65  10:33  Dark Templar x2  
  61  10:38  Probe, Nexus  
  61  10:42  Archon  
  62  10:49  Probe  
  62  10:52  Robotics Facility  
  63  11:00  Probe, Robotics Facility  
  64  11:06  Stalker x2  
  64  11:07  Stalker  
  64  11:09  Stalker x2  
  74  11:19  Assimilator  
  74  11:30  Dark Templar x2  
  74  11:32  Stalker  
  80  11:33  Stalker x2  
  80  11:35  Archon  
  84  11:40  Probe  
  84  11:47  Protoss Shields Level 2 (Chrono Boost), Immortal  
  89  11:48  Immortal  
  89  11:52  Probe  
  94  12:04  Probe  
  65  12:58  Dark Templar x2  
  65  13:00  Stalker x2  
  65  13:01  Stalker  
  65  13:03  Archon  
  71  13:08  Immortal x2  
  79  13:24  Dark Templar  
  79  13:26  Dark Templar  
  83  13:37  Archon  
  83  13:38  Stalker  
  83  13:39  Stalker  
  83  13:40  Stalker  
  89  13:44  Assimilator  
Tags
 
Add a new tag
Caveats
  • Supply blocks, unpowered buildings, or Contaminate may cause inaccurate times.
  • Supply counts are checked every 10 seconds.